 Dungeon Crawl Stone Soup version 0.17-a0-1621-gfc7a675 (console) character file.

31 Monkaria the Ducker (level 3, -1/17 HPs)
             Began as a Felid Berserker on Aug 1, 2015.
             Was a Follower of Trog.
             Killed from afar by Robin (9 damage)
             ... with a wand of flame
             ... on level 3 of the Dungeon.
             The game lasted 00:01:27 (1967 turns).

Monkaria the Ducker (Felid Berserker)               Turns: 1967, Time: 00:01:27

Health: -1/17      AC:  1    Str: 14    XL:     3   Next: 7%
Magic:  4/4        EV: 20    Int:  8    God:    Trog [*.....]
Gold:   34         SH:  0    Dex: 15    Spells: 0 memorised, 2 levels left
                                        Lives:  0   Deaths: 0

rFire  . . .     SeeInvis +       - Unarmed
rCold  . . .     Clarity  .     (armour unavailable)
rNeg   . . .     SustAt   .     (shield unavailable)
rPois  .         Gourm    .     (helmet unavailable)
rElec  .         Spirit   .     (cloak unavailable)
rCorr  .         Warding  .     (gloves unavailable)
rMut   .         Stasis   .     (boots unavailable)
MR     .....                    (no amulet)
Stlth  ++........               (no ring)
                                (no ring)

@: exhausted, slowed, slow, not resistant to hostile enchantments, unstealthy
A: no armour, no weapons or thrown items, claws 1, fangs 3, see invisible,
carnivore 3, speed 1, shaggy fur 1, slow metabolism 1, sharp paws
a: Burn Spellbooks, Berserk, Renounce Religion


You were on level 3 of the Dungeon.
You worshipped Trog.
Trog was aware of your devotion.
You were near starving.

You visited 1 branch of the dungeon, and saw 3 of its levels.

You collected 34 gold pieces.

Inventory:

Jewellery
 i - an uncursed ring of protection from cold {unknown}
Scrolls
 b - 2 scrolls of enchant armour {unknown}
 d - 5 scrolls of identify {unknown}
 e - a scroll of noise {unknown}
Potions
 c - 2 potions of curing {unknown}
 f - a potion of invisibility {unknown}
Comestibles
 a - 2 meat rations
 g - a slice of pizza
 h - a royal jelly


   Skills:
 - Level 3.0 Fighting
 + Level 5.6 Dodging
 - Level 3.0 Unarmed Combat


You had 2 spell levels left.
You didn't know any spells.

Dungeon Overview and Level Annotations

Branches:
Dungeon (3/15)

Altars:

Annotations:
D:3 Robin


Innate Abilities, Weirdness & Mutations

You cannot wear armour.
You are incapable of wielding weapons or throwing items.
You have sharp claws.
You have razor-sharp teeth.
You have supernaturally acute eyesight.
You are carnivorous and can eat meat at any time.
You cover ground quickly.
You are covered in fur (AC +1).
You have a slow metabolism.
Your sharp claws are effective at attacking unaware monsters.


Message History

A kobold comes into view. It is wielding a club.
You miss the goblin. You bite the goblin.
You kill the goblin!
Trog accepts your kill. The goblin hits you but does no damage.
The hobgoblin misses you.
You feel a strong urge to attack something.
The hobgoblin hits you but does no damage.
Robin throws the goblin at you! The goblin misses you.
The hobgoblin falls through a shaft!
The shaft crumbles and collapses.
You feel your anger subside.
You are no longer berserk.
You are exhausted.
You feel yourself slow down.
You are near starving!
Robin roars a battlecry!
The hobgoblin goes into a battle-frenzy!
Robin zaps a wand.
The puff of flame hits you!
Ouch! That really hurt!
You die...

#. #. ## #.## ..
..##. #...
.#.####..######
ยงยงยง.)...#......
##..#<..##
#.....g@.###.#.#
.....#####ggg.....
#... ##g.g..#. ..[
gg..#.. .# .g....#
#...### .#...
.####> .#


You could see Robin, 3 hobgoblins and 5 goblins.

Vanquished Creatures
  3 worms (D:2)
  A giant gecko (D:1)
  3 goblins
  5 hobgoblins
  3 giant cockroaches
  A giant newt (D:1)
  4 rats
  A plant (D:1)
21 creatures vanquished.

Notes
Turn   | Place    | Note
--------------------------------------------------------------
     0 | D:1      | Monkaria the Felid Berserker began the quest for the Orb.
     0 | D:1      | Reached XP level 1. HP: 10/10 MP: 2/2
   422 | D:1      | Reached XP level 2. HP: 11/14 MP: 3/3
   982 | D:2      | Reached skill level 5 in Dodging
  1941 | D:2      | Reached XP level 3. HP: 10/17 MP: 4/4
  1956 | D:3      | Noticed Robin
  1967 | D:3      | Killed from afar by Robin

Vault maps used:
D:1:      matt_arrival_diagonals, serial_forest, infiniplex_forest_lined_2,
          infiniplex_forest_straight_5, infiniplex_forest_clump_medium,
          infiniplex_forest_clump_diagonal, infiniplex_forest_end_1,
          infiniplex_forest_lined_1, infiniplex_forest_clump_medium
D:2:      first_bread
D:3:      grunt_dithmenos_smoke_and_mirrors, nicolae_overflow_hidden_temple,
          minmay_misc_feat_diagonals, uniq_robin, uniq_jessica, uniq_iyjb

Action                   || total
-------------------------++-------
Melee: Unarmed           ||   123
Invok: Berserk           ||     1
 Stab: Sleeping          ||     4
